Map: Orbital Depot

Players

CptOB

  • Race: Protoss Protoss
  • Spawn Location: 7:00

Fredzouille

  • Race: Protoss Protoss
  • Spawn Location: 9:00

MagicTurtle

  • Race: Protoss Protoss
  • Spawn Location: 9:00

Loken - Winner!

  • Race: Zerg Zerg
  • Spawn Location: 3:00

Myran - Winner!

  • Race: Protoss Protoss
  • Spawn Location: 1:00

dallaskuken - Winner!

  • Race: Protoss Protoss
  • League: Platinum
  • Spawn Location: 3:00

VOD

Have the link to the VOD?

Description

Time

  • Played on: March 10, 2017, 1:31 p.m.
  • Length: 16:21
Show
View Real Time Build Order
Export as new Build Order

CptOB Protoss 

Build Orders: Cannon Rush 

Get SALT Encoding   

  12  0:08  Pylon  
  13  0:14  Probe (Chrono Boost)  
  13  0:25  Probe (Chrono Boost)  
  13  0:26  Forge  
  14  0:35  Probe (Chrono Boost)  
  15  0:46  Probe (Chrono Boost)  
  15  0:48  Pylon  
  16  0:55  Pylon  
  16  1:00  Pylon, Probe (Chrono Boost)  
  17  1:14  Photon Cannon  
  16  1:21  Photon Cannon  
  16  1:25  Pylon  
  15  1:36  Photon Cannon  
  15  1:43  Pylon  
  15  1:49  Photon Cannon  
  15  1:56  Pylon  
  15  2:03  Pylon  
  15  2:16  Pylon  
  15  2:18  Pylon  
  15  2:20  Pylon  
  15  2:33  Gateway  
  13  2:47  Gateway  
  13  2:49  Assimilator  
  13  2:52  Assimilator  
  13  3:00  Probe (Chrono Boost)  
  14  3:08  Gateway  
  14  3:21  Photon Cannon  
  14  3:22  Zealot  
  16  3:37  Cybernetics Core  
  16  3:41  Probe (Chrono Boost)  
  17  3:49  Protoss Ground Weapons Level 1  
  17  3:57  Zealot  
  17  4:01  Probe (Chrono Boost)  
  20  4:07  Warp Gate  
  20  4:11  Probe (Chrono Boost)  
  21  4:22  Probe (Chrono Boost)  
  22  4:32  Probe (Chrono Boost)  
  23  4:45  Pylon  
  23  4:51  Twilight Council  
  23  5:03  Zealot  
  23  5:05  Forge  
  25  5:12  Photon Cannon  
  25  5:15  Photon Cannon  
  25  5:25  Mothership Core (Chrono Boost)  
  20  6:09  Zealot  
  22  6:15  Pylon  
  22  6:16  Pylon  
  22  6:19  Mothership Core (Chrono Boost)  
  22  6:23  Pylon  
  22  6:26  Pylon, Protoss Ground Armor Level 1  
  22  6:29  Zealot x2  
  23  6:33  Zealot  
  25  6:45  Photon Cannon  
  25  6:53  Photon Cannon  
  25  7:06  Twilight Council  
  25  7:54  Nexus  
  25  7:56  Pylon  
  25  8:11  Zealot  
  27  8:31  Photon Cannon  
  27  8:37  Gateway  
  28  8:43  Probe (Chrono Boost)  
  28  8:54  Zealot  
  30  9:00  Probe (Chrono Boost)  
  31  9:08  Probe (Chrono Boost)  
  33  9:18  Probe (Chrono Boost)  
  23  9:43  Zealot  
  23  9:44  Zealot  
  26  9:52  Zealot  
  23  9:55  Probe (Chrono Boost)  
  20  10:01  Zealot  
  22  10:09  Probe (Chrono Boost)  
  23  10:17  Zealot  
  25  10:25  Pylon  
  25  10:38  Zealot  
  25  10:42  Zealot  
  23  10:48  Zealot  
  21  10:58  Photon Cannon  
  21  11:06  Zealot  
  23  11:16  Zealot  
  23  11:17  Probe (Chrono Boost)  
  26  11:29  Protoss Ground Weapons Level 2, Protoss Ground Armor Level 2  
  26  11:31  Sentry x3  
  32  11:37  Sentry  
  36  11:40  Probe (Chrono Boost)  
  36  11:41  Probe (Chrono Boost)  
  36  12:03  Zealot x3  
  36  12:04  Zealot  
  36  12:07  Charge  
  44  12:09  Pylon  
  44  12:10  Pylon  
  44  12:12  Pylon  
  44  12:15  Nexus  
  44  12:17  Probe (Chrono Boost)  
  43  12:23  Pylon  
  43  12:25  Pylon  
  43  12:26  Sentry x2  
  43  12:27  Sentry x2  
  51  12:32  Probe x2 (Chrono Boost)  
  53  12:39  Assimilator  
  55  12:44  Probe x2 (Chrono Boost)  
  55  12:55  Gateway  
  55  12:57  Gateway  
  55  13:02  Zealot x4  
  63  13:07  Assimilator  
  63  13:08  Pylon  
  63  13:23  Sentry x4, Templar Archives  
  71  13:40  Probe (Chrono Boost)  
  72  13:43  Probe (Chrono Boost)  
  72  13:47  Sentry x4  
  81  13:51  Probe (Chrono Boost)  
  81  13:53  Zealot x2  
  88  13:56  Probe x2 (Chrono Boost)  
  88  14:08  Probe (Chrono Boost)  
  88  14:09  High Templar  
  90  14:10  High Templar  
  90  14:16  Archon  
  90  14:22  Pylon  
  90  14:23  Pylon  
  90  14:24  Pylon  
  90  14:27  Pylon x2  
  90  14:29  Pylon  
  90  14:42  High Templar x3  
  90  14:43  High Templar x3  
  102  14:46  Archon x2  
  102  14:47  Archon  
  90  15:11  Zealot  
  55  15:23  Zealot x2  
  42  15:37  Probe (Chrono Boost)  
  43  15:49  Probe (Chrono Boost)  
  44  15:50  Nexus  
  44  15:51  Zealot x2  
  48  16:01  Probe (Chrono Boost)  
Show
View Real Time Build Order
Export as new Build Order

Fredzouille Protoss 

Build Orders:  

Get SALT Encoding   

  12  0:02  Probe (Chrono Boost)  
  13  0:12  Probe (Chrono Boost)  
  14  0:24  Pylon  
  14  0:27  Probe (Chrono Boost)  
  15  0:44  Forge  
  15  0:48  Probe (Chrono Boost)  
  16  1:04  Probe (Chrono Boost)  
  16  1:05  Pylon  
  17  1:15  Probe (Chrono Boost)  
  18  1:25  Pylon  
  18  1:41  Pylon  
  18  1:43  Pylon  
  18  1:46  Pylon  
  18  2:15  Pylon  
  18  2:29  Pylon  
  18  2:38  Pylon  
  18  2:57  Photon Cannon x2  
  18  3:02  Photon Cannon  
  17  3:30  Photon Cannon  
  17  3:32  Photon Cannon  
  17  3:34  Photon Cannon  
  17  3:45  Pylon  
  17  3:46  Pylon  
  17  3:51  Pylon  
  17  4:13  Probe (Chrono Boost)  
  18  4:23  Probe (Chrono Boost)  
  19  4:31  Assimilator  
  19  4:42  Photon Cannon  
  19  4:44  Photon Cannon  
  19  4:46  Gateway  
  19  5:13  Assimilator  
  19  5:17  Probe (Chrono Boost)  
  20  5:38  Cybernetics Core  
  20  5:44  Probe (Chrono Boost)  
  21  5:54  Probe (Chrono Boost)  
  22  6:03  Photon Cannon  
  22  6:11  Photon Cannon  
  22  6:17  Stargate  
  22  6:40  Probe (Chrono Boost)  
  22  6:45  Pylon  
  23  6:51  Probe (Chrono Boost)  
  24  7:02  Void Ray  
  27  7:41  Void Ray  
  30  8:20  Void Ray  
  34  8:31  Protoss Shields Level 1  
  34  8:45  Gateway  
  34  8:51  Gateway  
  34  8:54  Gateway x2  
  30  9:13  Void Ray  
  34  9:21  Warp Gate  
  34  9:30  Twilight Council  
  30  10:07  Charge  
  26  11:10  Pylon  
Show
View Real Time Build Order
Export as new Build Order

MagicTurtle Protoss 

Build Orders:  

Get SALT Encoding   

  12  0:02  Probe (Chrono Boost)  
  13  0:19  Pylon  
  13  0:23  Assimilator  
  13  0:27  Probe (Chrono Boost)  
  14  0:44  Gateway  
  14  0:46  Probe (Chrono Boost)  
  16  0:57  Probe (Chrono Boost)  
  16  1:06  Forge  
  16  1:12  Pylon  
  16  1:32  Pylon  
  16  1:36  Probe (Chrono Boost)  
  16  1:38  Cybernetics Core  
  17  1:43  Assimilator  
  18  1:47  Probe (Chrono Boost)  
  18  2:01  Gateway  
  18  2:09  Warp Gate  
  18  2:17  Stalker  
  20  2:28  Gateway  
  20  2:34  Probe (Chrono Boost)  
  22  2:46  Stalker, Probe (Chrono Boost)  
  24  2:56  Stalker  
  26  3:11  Mothership Core (Chrono Boost)  
  28  3:18  Photon Cannon  
  28  3:26  Pylon  
  28  3:31  Probe (Chrono Boost)  
  29  3:50  Photon Cannon  
  29  4:05  Protoss Ground Weapons Level 1  
  29  4:19  Pylon  
  29  4:30  Probe (Chrono Boost)  
  30  4:33  Stalker x2  
  30  4:34  Stalker  
  36  4:42  Probe (Chrono Boost)  
  36  4:43  Stargate  
  37  4:53  Pylon  
  37  5:00  Photon Cannon  
  37  5:12  Photon Cannon  
  37  5:26  Photon Cannon  
  37  5:28  Stalker  
  37  5:33  Stalker  
  31  6:01  Stalker x3  
  31  6:31  Protoss Ground Armor Level 1  
  29  6:42  Stalker  
  29  6:43  Stalker x2  
  35  7:13  Stargate  
  35  7:21  Photon Cannon  
  35  7:28  Gateway  
  29  7:41  Twilight Council  
  29  7:50  Photon Cannon  
  29  8:06  Stalker x3  
  35  8:27  Nexus  
  35  8:33  Assimilator  
  35  8:41  Pylon  
  35  8:44  Pylon  
  35  8:54  Void Ray  
  39  9:14  Photon Cannon  
  39  9:34  Photon Cannon  
  39  9:36  Void Ray  
  42  9:50  Stalker  
  44  10:05  Stalker  
  34  10:38  Stalker x3  
  34  10:41  Void Ray  
  44  10:57  Probe (Chrono Boost)  
  45  11:08  Probe (Chrono Boost)  
  46  11:14  Stalker  
  48  11:18  Probe (Chrono Boost)  
  48  11:23  Void Ray  
  49  11:29  Probe (Chrono Boost)  
  54  11:43  Photon Cannon  
  54  11:46  Pylon  
  54  11:52  Pylon, Probe (Chrono Boost)  
  55  11:58  Stalker x3  
  55  11:59  Stalker, Assimilator  
  55  12:00  Void Ray  
  55  12:01  Void Ray  
  67  12:03  Probe (Chrono Boost)  
  72  12:13  Probe (Chrono Boost)  
  47  12:33  Stalker x2  
  47  12:34  Stalker  
Show
View Real Time Build Order
Export as new Build Order

Loken Zerg - Winner!

Build Orders: Hatch First 

Get SALT Encoding   

  12  0:02  Drone  
  13  0:15  Overlord  
  13  0:18  Drone  
  14  0:35  Drone x2  
  15  0:37  Drone  
  17  0:49  Drone  
  18  1:06  Hatchery  
  17  1:17  Spawning Pool  
  16  2:05  Spine Crawler  
  16  2:07  Spine Crawler  
  14  2:09  Zergling x6  
  14  2:10  Queen  
  19  2:25  Extractor  
  18  2:45  Zergling x12  
  24  3:23  Zergling x2  
  24  3:24  Zergling x6  
  24  3:26  Overlord x3  
  28  3:29  Roach Warren  
  27  3:42  Drone  
  24  4:12  Roach  
  24  4:13  Roach x4  
  34  4:35  Roach x3  
  34  4:36  Zergling x2  
  41  4:49  Metabolic Boost  
  41  4:57  Drone x2  
  42  5:23  Ravager  
  28  6:09  Drone x3  
  28  6:10  Drone x5  
  36  6:18  Lair  
  34  6:20  Extractor  
  27  6:42  Zergling x2  
  27  6:43  Zergling x12  
  34  6:55  Queen  
  36  7:01  Zergling x2  
  36  7:02  Zergling x4  
  39  7:14  Zergling x2  
  39  7:15  Zergling x4  
  42  7:17  Glial Reconstitution  
  42  7:45  Roach  
  42  7:46  Roach x4  
  42  7:48  Overlord  
  42  7:49  Overlord  
  42  7:50  Overlord x2  
  52  8:28  Drone x4  
  52  8:29  Drone x6  
  62  8:38  Spire  
  61  8:56  Zergling x2  
  61  8:57  Zergling x14  
  48  9:54  Zergling x2  
  48  9:55  Zergling x26  
  48  9:59  Extractor  
  54  10:00  Extractor  
  47  10:17  Hatchery  
  47  10:18  Mutalisk x2  
  47  10:19  Mutalisk x4  
  58  10:32  Hatchery  
  43  11:02  Drone x2  
  43  11:03  Drone x10  
  55  11:28  Infestation Pit  
  55  11:29  Zerg Flyer Weapons Level 1  
  54  11:43  Mutalisk  
  54  11:44  Mutalisk x3  
  62  11:54  Drone x9  
  63  12:01  Zergling x6  
  74  12:31  Mutalisk x2  
  74  12:32  Mutalisk x3  
  84  12:38  Drone x9  
  84  12:42  Extractor  
  92  13:21  Overlord x3  
  92  13:22  Overlord x6  
  92  13:23  Zerg Flyer Armor Level 1  
  92  13:34  Hive  
  92  13:45  Zergling x22  
  92  13:46  Zergling x2  
  100  14:17  Mutalisk x4  
  100  14:18  Mutalisk x8  
  111  14:46  Adrenal Glands  
  111  15:06  Extractor  
  110  15:47  Zergling x18  
  110  15:48  Zergling x6  
  122  16:01  Zergling x2  
  122  16:02  Zergling x6  
Show
View Real Time Build Order
Export as new Build Order

Myran Protoss - Winner!

Build Orders:  

Get SALT Encoding   

  12  0:04  Probe (Chrono Boost)  
  13  0:15  Probe (Chrono Boost)  
  13  0:18  Pylon  
  14  0:25  Probe (Chrono Boost)  
  15  0:36  Probe (Chrono Boost)  
  15  0:41  Gateway  
  16  0:45  Pylon  
  16  0:49  Assimilator, Probe (Chrono Boost)  
  17  0:59  Probe (Chrono Boost)  
  18  1:10  Probe (Chrono Boost)  
  19  1:14  Gateway  
  19  1:21  Pylon  
  19  1:28  Pylon  
  19  1:30  Zealot, Probe (Chrono Boost)  
  22  1:46  Probe (Chrono Boost)  
  23  1:54  Zealot  
  23  1:55  Cybernetics Core  
  23  2:00  Forge  
  25  2:03  Assimilator, Zealot  
  27  2:18  Zealot  
  29  2:30  Zealot  
  31  2:42  Zealot  
  34  2:51  Probe (Chrono Boost)  
  34  2:58  Zealot  
  36  3:04  Warp Gate  
  36  3:05  Stalker  
  36  3:06  Protoss Shields Level 1  
  38  3:27  Stalker  
  38  3:31  Stalker  
  42  3:44  Probe (Chrono Boost)  
  39  3:57  Stalker x2  
  43  4:22  Probe (Chrono Boost)  
  44  4:27  Zealot  
  46  4:40  Pylon  
  46  4:45  Pylon  
  46  4:47  Twilight Council  
  46  4:50  Zealot  
  46  5:19  Zealot  
  46  5:23  Zealot  
  46  5:24  Charge  
  32  6:47  Probe (Chrono Boost)  
  33  6:49  Blink  
  33  6:59  Probe (Chrono Boost)  
  34  7:05  Gateway  
  34  7:06  Gateway  
  34  7:08  Stalker x2  
  38  7:23  Nexus  
  36  7:49  Probe (Chrono Boost)  
  37  8:02  Probe (Chrono Boost)  
  37  8:05  Nexus  
  38  8:09  Stalker x2  
  43  8:14  Probe (Chrono Boost)  
  43  8:26  Probe (Chrono Boost)  
  44  8:31  Pylon  
  44  8:33  Pylon  
  44  8:37  Assimilator  
  44  8:38  Probe (Chrono Boost)  
  45  8:41  Stalker, Assimilator  
  45  8:42  Stalker x3  
  53  9:12  Zealot x2  
  57  9:27  Probe (Chrono Boost)  
  57  9:31  Probe (Chrono Boost)  
  59  9:38  Probe (Chrono Boost)  
  59  10:03  Pylon  
  59  10:21  Stalker x4  
  65  10:46  Zealot x2  
  65  10:47  Zealot x2  
  73  11:01  Pylon  
  73  11:04  Pylon  
  73  11:05  Probe (Chrono Boost)  
  73  11:08  Gateway, Probe (Chrono Boost)  
  73  11:09  Gateway  
  75  11:11  Gateway  
  75  11:13  Assimilator  
  75  11:16  Probe (Chrono Boost)  
  76  11:23  Stalker  
  76  11:24  Stalker  
  80  11:26  Probe (Chrono Boost)  
  80  11:30  Protoss Ground Weapons Level 1  
  81  11:34  Zealot x2  
  85  12:01  Stalker x2  
  85  12:02  Stalker  
  85  12:03  Zealot  
  85  12:44  Stalker  
  85  12:45  Stalker x4  
  85  12:46  Stalker  
  85  12:47  Zealot  
  97  13:10  Protoss Ground Armor Level 1  
  83  13:33  Stalker x2  
  83  13:34  Stalker, Zealot  
  89  13:35  Zealot x3  
  95  14:03  Probe (Chrono Boost)  
  96  14:12  Assimilator  
  96  14:14  Probe (Chrono Boost)  
  97  14:24  Probe (Chrono Boost)  
  97  14:25  Zealot x4  
  97  14:26  Zealot x3  
  112  14:35  Probe (Chrono Boost)  
  114  14:45  Probe (Chrono Boost)  
  52  15:32  Stalker x5  
  52  15:33  Stalker  
  52  15:34  Stalker  
  56  15:39  Probe (Chrono Boost)  
  57  15:49  Probe (Chrono Boost)  
  58  15:54  Pylon  
  58  15:57  Pylon  
  58  16:00  Probe (Chrono Boost)  
  58  16:04  Pylon  
  59  16:07  Pylon  
  59  16:09  Zealot x3  
  59  16:10  Zealot x4, Probe (Chrono Boost)  
Show
View Real Time Build Order
Export as new Build Order

dallaskuken Protoss - Winner!

Build Orders:  

Get SALT Encoding   

  12  0:01  Probe (Chrono Boost)  
  13  0:12  Probe (Chrono Boost)  
  14  0:20  Pylon  
  14  0:23  Probe (Chrono Boost)  
  15  0:38  Probe (Chrono Boost)  
  16  0:44  Gateway  
  16  0:48  Probe (Chrono Boost)  
  17  0:59  Probe (Chrono Boost)  
  17  1:01  Assimilator  
  18  1:09  Probe (Chrono Boost)  
  8  3:27  Nexus  
  8  4:42  Probe (Chrono Boost)  
  10  4:52  Probe (Chrono Boost)  
  10  5:03  Probe (Chrono Boost)  
  11  5:13  Probe (Chrono Boost)  
  12  5:22  Pylon  
  12  5:24  Probe (Chrono Boost)  
  13  5:28  Assimilator  
  13  5:32  Assimilator  
  13  5:35  Probe (Chrono Boost)  
  14  5:57  Probe (Chrono Boost)  
  15  6:07  Probe (Chrono Boost)  
  16  6:11  Nexus  
  16  6:18  Probe (Chrono Boost)  
  17  6:28  Probe (Chrono Boost)  
  17  6:29  Pylon  
  18  6:33  Gateway  
  18  6:39  Probe (Chrono Boost)  
  19  6:49  Probe (Chrono Boost)  
  20  7:00  Probe (Chrono Boost)  
  21  7:10  Probe (Chrono Boost)  
  22  7:21  Zealot, Probe (Chrono Boost)  
  25  7:31  Probe (Chrono Boost)  
  26  7:41  Probe (Chrono Boost)  
  26  7:42  Probe (Chrono Boost)  
  28  7:50  Cybernetics Core  
  28  7:51  Probe (Chrono Boost)  
  28  7:52  Pylon, Probe (Chrono Boost)  
  30  8:02  Probe (Chrono Boost)  
  30  8:03  Probe (Chrono Boost)  
  30  8:13  Probe (Chrono Boost)  
  30  8:23  Probe (Chrono Boost)  
  31  8:34  Probe x2 (Chrono Boost)  
  33  8:39  Stargate  
  33  8:41  Stargate  
  33  8:43  Stargate  
  33  8:44  Probe x2 (Chrono Boost)  
  35  8:49  Pylon  
  35  8:51  Pylon  
  35  8:55  Probe (Chrono Boost)  
  36  8:58  Assimilator  
  33  9:10  Probe (Chrono Boost)  
  35  9:17  Probe (Chrono Boost)  
  35  9:21  Probe (Chrono Boost)  
  36  9:25  Void Ray x2  
  36  9:27  Probe (Chrono Boost), Void Ray  
  49  9:31  Probe (Chrono Boost)  
  50  9:42  Probe (Chrono Boost)  
  52  9:52  Probe (Chrono Boost)  
  52  9:59  Fleet Beacon  
  52  10:03  Probe (Chrono Boost)  
  53  10:09  Assimilator  
  53  10:13  Probe (Chrono Boost)  
  50  10:24  Probe (Chrono Boost)  
  47  10:36  Void Ray x3  
  59  11:15  Pylon  
  59  11:18  Pylon  
  59  11:31  Void Ray x2  
  59  11:38  Void Ray  
  71  12:06  Pylon  
  71  12:08  Pylon, Tempest  
  71  12:10  Pylon  
  77  12:18  Tempest  
  83  12:44  Tempest  
  83  12:46  Tempest  
  89  13:29  Tempest  
  89  13:30  Tempest  
  89  14:29  Tempest  
  89  14:30  Tempest  
  101  15:03  Tempest  
  91  15:07  Tempest  
  85  15:32  Tempest  
Tags
 
Add a new tag
Caveats
  • Supply blocks, unpowered buildings, or Contaminate may cause inaccurate times.
  • Supply counts are checked every 10 seconds.